 Dungeon Sprint DCSS version 0.30.1-9-gdf580d7c3d (webtiles) character file.

Game seed: 15552856938396542523

1537 Heoruswealwe the Impaler (level 8, -1/83 HPs)
             Began as a Minotaur Fighter on Oct 19, 2023.
             Was an Initiate of Gozag.
             Slain by a brown ugly thing (9 damage)
             ... in the Dungeon (Sprint IX: "|||||||||||||||||||||||||||||").
             The game lasted 00:05:23 (391 turns).

Heoruswealwe the Impaler (Minotaur Fighter)          Turns: 391, Time: 00:05:24

Health: -1/83      AC: 16    Str: 23    XL:     8   Next: 56%
Magic:  7/7        EV:  9    Int:  5    God:    Gozag
Gold:   585        SH:  0    Dex: 10    Spells: 7/7 levels left

rFire   . . .        b - +2 halberd (vamp)
rCold   . . .        (shield currently unavailable)
rNeg    . . .        c - +1 chain mail
rPois   .            (helmet restricted)
rElec   .            h - +0 cloak
rCorr   .            (no gloves)
SInv    .            (no boots)
Will    .....        (no amulet) Stlth
                     k - +2 ring of protection
HPRegen 0.33/turn    (no ring)
MPRegen 0.10/turn

%: no teleportation
@: gold aura
A: horns 2, retaliatory headbutt
a: Renounce Religion, Potion Petition, Call Merchant, Bribe Branch


You were in the Dungeon.
You worshipped Gozag.
Gozag was pleased with you.
You visited 1 branch You collected 585 gold pieces.

Inventory:

Hand Weapons
 a - a +0 trident
 b - a +2 vampiric halberd (weapon)
Armour
 c - a +1 chain mail (worn)
 d - a +0 buckler
 h - a +0 cloak (worn)
Jewellery
 k - a +2 ring of protection (left hand)
Wands
 j - a wand of iceblast (10)
Scrolls
 l - a scroll of blinking
Potions
 f - 2 potions of curing
 g - a potion of haste
 i - a potion of berserk rage
 m - a potion of might


   Skills:
 + Level 12.0 Fighting
 * Level 16.1 Polearms
 + Level 12.1 Armour
 - Level 3.6 Shields


You had 7 spell levels left.
You didn't know any spells.
Your spell library was empty.

Dungeon Overview and Level Annotations

Branches:
Dungeon (1/1)

Altars:
Cheibriados
Dithmenos
Elyvilon
Fedhas
Gozag
Hepliaklqana
Kikubaaqudgha
Makhleb
Nemelex Xobeh
Okawaru
Qazlal
Ru
Sif Muna
Trog
Uskayaw
Vehumet
Wu Jian
Xom
Yredelemnul
Zin
The Shining One
Jiyva
Lugonu


Innate Abilities, Weirdness & Mutations

You have a pair of horns on your head.
You reflexively headbutt those who attack you in melee.


Message History

The brown ugly thing is moderately wounded.
The brown ugly thing misses you.
You completely miss the brown ugly thing.
The brown ugly thing is moderately wounded.
The brown ugly thing pecks you!
You are splashed with acid!
You hit the brown ugly thing.
The brown ugly thing is heavily wounded.
You barely miss the brown ugly thing.
The brown ugly thing is heavily wounded.
The tengu changes into a scorpion!
The brown ugly thing pecks you!
You are splashed with acid!
* * * LOW HITPOINT WARNING * * *
You barely miss the brown ugly thing. You headbutt the brown ugly thing!
The brown ugly thing is heavily wounded.
The brown ugly thing misses you. The boulder beetle hits you!
* * * LOW HITPOINT WARNING * * *
The boulder beetle stops rolling and uncurls.
You feel better. The brown ugly thing barely misses you.
The boulder beetle bites you but does no damage.
You feel much better. The brown ugly thing pecks you.
You are splashed with acid!
The boulder beetle bites you but does no damage.
You closely miss the brown ugly thing.
The brown ugly thing is heavily wounded.
You closely miss the brown ugly thing.
The brown ugly thing is heavily wounded.
The scorpion changes into a sky beast!
The brown ugly thing pecks you!
* * * LOW HITPOINT WARNING * * *
You are splashed with acid!
* * * LOW HITPOINT WARNING * * *
The boulder beetle leaps!
You closely miss the brown ugly thing. You headbutt the brown ugly thing!
The brown ugly thing is severely wounded.
The brown ugly thing pecks you but does no damage.
The boulder beetle curls into a ball and begins rolling!
You closely miss the brown ugly thing.
The brown ugly thing is severely wounded.
The brown ugly thing pecks you!
You die...
Your body crumbles into a pile of gold. ▓▓▓▓▓▓▓▓▓▓▓▓▓▓▓▓▓▓▓▓▓▓▓▓ ...Y{cu@°.B))'...=[[)?!' ▓▓▓▓▓▓▓▓▓▓▓▓▓▓▓▓▓▓▓▓▓▓▓▓ $ $$$$$ $ $ $ $$$$$

You could see a boulder beetle (rolling), a brown ugly thing, a centaur warrior and a sky beast shaped shifter.

Vanquished Creatures
  A cyclops (D)
  A gargoyle (D)
  A troll (D)
  2 wyverns (D)
  A water moccasin (D)
  An ice beast (D)
  A gnoll sergeant (D)
  2 iguanas (D)
  An orc wizard (D)
  A shadow imp (D)
  A hobgoblin (D)
  A frilled lizard (D)
  2 kobolds (D)
  A rat (D)
17 creatures vanquished.

Notes
Turn   | Place    | Note
-------+----------+-------------------------------------------
     0 | D        | Heoruswealwe the Minotaur Fighter began the quest for the
                  | Orb.
     0 | D        | Reached XP level 1. HP: 19/19 MP: 0/0
     7 | D        | Reached skill level 3 in Polearms
    18 | D        | Noticed an iguana
    18 | D        | Noticed an ice beast
    18 | D        | Noticed an iguana
    18 | D        | Noticed a water moccasin
    26 | D        | Killed a water moccasin
    27 | D        | Reached skill level 8 in Polearms
    27 | D        | Reached XP level 2. HP: 22/31 MP: 1/1
    27 | D        | Reached XP level 3. HP: 28/38 MP: 2/2
    27 | D        | Reached XP level 4. HP: 33/45 MP: 3/3
    37 | D        | Reached XP level 5. HP: 18/52 MP: 4/4
    41 | D        | Reached skill level 9 in Polearms
   206 | D        | Killed an ice beast
   207 | D        | Reached skill level 10 in Polearms
   217 | D        | Reached XP level 6. HP: 54/61 MP: 5/5
   240 | D        | Found a snail-covered altar of Cheibriados.
   240 | D        | Found a shadowy altar of Dithmenos.
   240 | D        | Found a white marble altar of Elyvilon.
   240 | D        | Found a blossoming altar of Fedhas.
   240 | D        | Found an opulent altar of Gozag.
   241 | D        | Found a hazy altar of Hepliaklqana.
   242 | D        | Found a viscous altar of Jiyva.
   243 | D        | Found an ancient bone altar of Kikubaaqudgha.
   244 | D        | Found a corrupted altar of Lugonu.
   245 | D        | Found a burning altar of Makhleb.
   246 | D        | Found a sparkling altar of Nemelex Xobeh.
   247 | D        | Found an iron altar of Okawaru.
   248 | D        | Became a worshipper of Gozag Ym Sagoz the Greedy
   249 | D        | Found a stormy altar of Qazlal.
   250 | D        | Found a sacrificial altar of Ru.
   251 | D        | Found a shimmering blue altar of Sif Muna.
   252 | D        | Found a bloodstained altar of Trog.
   253 | D        | Found a hide-covered altar of Uskayaw.
   254 | D        | Found a radiant altar of Vehumet.
   255 | D        | Found an ornate altar of the Wu Jian Council.
   256 | D        | Found a shimmering altar of Xom.
   257 | D        | Found a basalt altar of Yredelemnul.
   258 | D        | Found a glowing silver altar of Zin.
   259 | D        | Found a glowing golden altar of the Shining One.
   331 | D        | Noticed a wyvern
   331 | D        | Noticed a wyvern
   331 | D        | Noticed a troll
   331 | D        | Noticed a gargoyle
   339 | D        | Killed a gargoyle
   340 | D        | Reached skill level 13 in Polearms
   340 | D        | Reached XP level 7. HP: 21/71 MP: 6/6
   343 | D        | Killed a troll
   344 | D        | Reached skill level 10 in Fighting
   344 | D        | Reached skill level 14 in Polearms
   344 | D        | Reached skill level 10 in Armour
   352 | D        | Killed a wyvern
   353 | D        | Reached XP level 8. HP: 68/82 MP: 7/7
   355 | D        | Reached skill level 15 in Polearms
   373 | D        | Noticed a raiju
   373 | D        | Noticed a boulder beetle
   373 | D        | Noticed a centaur warrior
   373 | D        | Noticed a brown ugly thing
   373 | D        | Noticed a cyclops
   375 | D        | a raiju changed into a black bear
   379 | D        | Killed a cyclops
   380 | D        | Reached skill level 16 in Polearms
   391 | D        | Slain by a brown ugly thing

Illustrated notes

Levels and vault maps discovered:
D:        linesprint [early_d, line_temple, items_1, d_10, items_2, lair_1,
          lair_end, items_3, orc_1, orc_end, items_4, d_15, swamp_1, shoals_1,
          snake_1, spider_1, d_20, vaults_1, items_5, swamp_end, shoals_end,
          snake_end, spider_end, vaults_end, d_27, items_6, zot_1, zot_end,
          crypt_end, forest_end, elf_end, slime_end, tomb_end, abyss_end,
          pan_hell_end]

Skill      XL: |  1  2  3  4  5  6  7  8 |
---------------+-------------------------+-----
Polearms       | 8 10 13 14 16 | 16.1
Fighting       | 6 7 8 9 11 12 | 12.0
Armour         | 6 7 8 9 11 12 | 12.1
Shields        | |  3.6

Action                     |  1- 3 |  4- 6 |  7- 9 || total
---------------------------+-------+-------+-------++-------
  Melee: Trident           |    14 |    25 |       ||    39
         Headbutt          |     1 |     7 |     7 ||    15
         Halberd           |       |     8 |    27 ||    35
    Use: Potion            |     1 |     1 |     4 ||     6
         Scroll            |       |     1 |       ||     1
 Armour: Scale mail        |     4 |     7 |       ||    11
         Chain mail        |       |       |     5 ||     5
  Dodge: Dodged            |     5 |     3 |    12 ||    20
  Block: Buckler           |     4 |     3 |       ||     7
